 Dungeon Crawl Stone Soup version 0.23-a0-643-g9ccc95a (webtiles) character file.

9 Borgoz the Skirmisher (level 2, 0/25 (26) HPs)
             Began as a Ghoul Abyssal Knight on Jan 1, 2019.
             Was a Follower of Lugonu.
             Slain by a rat (1 damage)
             ... on level 1 of the Dungeon.
             The game lasted 00:01:02 (128 turns).

Borgoz the Skirmisher (Ghoul Abyssal Knight)         Turns: 128, Time: 00:01:03

HP:   0/25 (26)     AC:  3    Str: 15    XL:     2   Next: 16%
MP:   2/2           EV: 11    Int:  7    God:    Lugonu [*.....]
Gold: 0             SH:  0    Dex:  8    Spells: 1/1 levels left

rFire    . . .     SeeInvis .     - Unarmed
rCold    + . .     Gourm    .   (no shield)
rNeg     + + +     Faith    .   a - +0 leather armour
rPois    ∞         Spirit   .   (no helmet)
rElec    .         Reflect  .   (no cloak)
rCorr    .         Harm     .   (no gloves)
MR       .....                  (no boots)
Stlth    +.........             (no amulet)
HPRegen  0.00/turn              (no ring)
MPRegen  0.08/turn              (no ring)

@: rotting
A: rotting body, claws 1, carnivore, cold resistance 1, negative energy
resistance 3, inhibited regeneration, torment resistance, unbreathing
a: Depart the Abyss, Renounce Religion


You were on level 1 of the Dungeon.
You worshipped Lugonu.
Lugonu was aware of your devotion.
You were not hungry.

You visited 1 branch of the dungeon, and saw 1 of its levels.
You visited the Abyss 1 time.

Inventory:

Armour
 a - a +0 leather armour (worn)
Comestibles
 b - 2 rations


   Skills:
 + Level 3.4 Fighting
 + Level 2.0 Armour
 + Level 1.1 Dodging
 + Level 2.3 Unarmed Combat
 + Level 2.2 Invocations


You had one spell level left.
You didn't know any spells.
Your spell library was empty.

Dungeon Overview and Level Annotations

Branches:
Dungeon (1/15)

Altars:


Innate Abilities, Weirdness & Mutations

Your body is rotting away.
You thrive on raw meat.
You are immune to poison.
You have sharp fingernails.
You are carnivorous and can eat meat at any time.
Your flesh is cold resistant. (rC+)
You are immune to negative energy. (rN+++)
You do not regenerate when monsters are visible.
You are immune to unholy pain and torment.
You can survive without breathing.


Message History

The hobgoblin barely misses you.
You scratch the hobgoblin.
The hobgoblin is almost dead.
You feel your flesh rotting away. The hobgoblin hits you.
* * * LOW HITPOINT WARNING * * *
You barely miss the hobgoblin.
The hobgoblin is almost dead.
The hobgoblin hits you.
* * * LOW HITPOINT WARNING * * *
You closely miss the hobgoblin.
The hobgoblin is almost dead.
The hobgoblin hits you but does no damage.
You scratch the hobgoblin.
You kill the hobgoblin!
Lugonu accepts your kill.
Your Armour skill increases to level 2!
Your leather armour prevents you from hitting the rat.
The rat bites you.
You die...

#######÷#........# ..
#.....#.........# ..[..
+.....#.........# .....
##.....#.#.......## #.....
....r.............###......
####+####..................
#..l###.........# ##r##
##.......## #@# #...<...#
#.# #.......# #..
#.........#
#.................
#....(...###......
#.......## #..... #.......
..... #....... ..... ..
.....


You could see a frilled lizard and a rat.

Vanquished Creatures
  A leopard gecko (D:1)
  A bat (D:1)
  2 hobgoblins (D:1)
  2 jackals (D:1)
  A rat (D:1)
7 creatures vanquished.

Notes
Turn   | Place    | Note
-------+----------+-------------------------------------------
     0 | Abyss:1  | Borgoz the Ghoul Abyssal Knight began the quest for the
                  | Orb.
     0 | Abyss:1  | Reached XP level 1. HP: 19/19 MP: 1/1
    46 | Abyss:1  | Found a corrupted altar of Lugonu.
    55 | Abyss:1  | Noticed a small abomination
    56 | D:1      | Escaped the Abyss
    79 | D:1      | Reached skill level 1 in Dodging
    83 | D:1      | Reached * piety under Lugonu
    97 | D:1      | Reached XP level 2. HP: 3/26 MP: 2/2
   125 | D:1      | HP: 1/25 [hobgoblin (1)]
   128 | D:1      | Slain by a rat

Vault maps used:
D:1:      minmay_arrival_four_circles

Skill      XL: |  1  2 |
---------------+-------+-----
Dodging        | 1 |  1.1
Armour         | 2 |  2.0
Fighting       | |  3.4
Unarmed Combat | |  2.3
Invocations    | |  2.2

Action                   || total
-------------------------++-------
Melee: Unarmed           ||    36
Invok: Depart the Abyss  ||     1
  Eat: Chunk             ||     1
Armor: Leather armour    ||    18
Dodge: Dodged            ||    27

Table legend:
 A = Non-vault XP
 B = Vault XP
 C = Vault XP percentage of total XP
 D = Non-vault monster count
 E = Vault monster count
 F = Vault count percentage of total count
                 A         B        C        D         E       F
            +---------+---------+-------+---------+---------+-------
      Total |      14 |       0 |   0.0 |       7 |       0 |   0.0
            +---------+---------+-------+---------+---------+-------
        D:1 |      14 |       0 |   0.0 |       7 |       0 |   0.0
            +---------+---------+-------+---------+---------+-------
